 Dungeon Crawl Stone Soup version 0.21-a0 (webtiles) character file.

13485 Manul the Spear-Bearer (level 11, 0/148 HPs)
             Began as a White Draconian Monk on May 19, 2017.
             Slain by a manticore (6 damage)
             ... on level 12 of the Dungeon.
             The game lasted 00:18:37 (14928 turns).

Manul the Spear-Bearer (White Draconian Monk)      Turns: 14928, Time: 00:18:38

Health: 0/148      AC: 25    Str: 15    XL:     11   Next: 76%
Magic:  11/11      EV:  2    Int: 14    God:
Gold:   1015       SH:  0    Dex: 16    Spells: 8/10 levels left

rFire    . . .     SeeInvis +   m - +1 halberd (venom)
rCold    . . .     Gourm    .   (shield currently unavailable)
rNeg     + + +     Faith    .   (armour unavailable)
rPois    +         Spirit   .   (helmet currently unavailable)
rElec    .         Reflect  .   (cloak currently unavailable)
rCorr    .         Harm     .   (gloves currently unavailable)
MR       .....     NoTele   +   (boots currently unavailable)
Stlth    +++.......             (no amulet)
Regen    0.4/turn               J - +4 ring of intelligence
MPRegen  0.2/turn               w - ring of see invisible

@: tree-form, barbed spikes
A: (breathe frost), unfitting armour, AC +7
a: no special abilities


You were on level 12 of the Dungeon.
You were not hungry.
You were a tree.
You visited 2 branches of the dungeon, and saw 13 of its levels.
You also visited: Bailey and Ice Cave.

You collected 1015 gold pieces.

Inventory:

Hand Weapons
 l - a +1 hand axe of electrocution
 m - a +1 halberd of venom (weapon)
Missiles
 a - 2 exploding tomahawks (quivered)
Armour
 i - a +0 pair of gloves (melded)
 v - a +1 pair of boots (melded)
 O - a +0 cloak (melded)
Jewellery
 w - a ring of see invisible (right branch)
 x - an uncursed ring of magical power
 D - an uncursed ring of protection from magic
 J - a +4 ring of intelligence (left branch)
Wands
 h - a wand of digging (13/24)
 k - a wand of flame (24/48)
 q - a wand of random effects (18/48)
 t - a wand of iceblast (1/15)
 y - a wand of digging (9/24)
 C - a wand of paralysis (14/24)
 G - a wand of scattershot (9/9)
 I - a wand of digging (4/24)
Scrolls
 c - a scroll of remove curse
 e - a scroll of fog
 p - 2 scrolls of blinking
 r - 4 scrolls of recharging
 s - 4 scrolls of teleportation
 u - 3 scrolls of fear
 A - 3 scrolls of amnesia
 F - 2 scrolls of enchant armour
 H - 7 scrolls of identify
Potions
 g - 3 potions of might
 j - 2 potions of cancellation
 n - a potion of flight
 o - 4 potions of curing
 E - a potion of lignification
 M - a potion of magic
Books
 B - a book of Spatial Translocations

   Spells                             Type                      Level
   a - Blink                          Translocation                2
   b - Shroud of Golubria             Charms/Translocation         2
   c - Lesser Beckoning               Translocation                3
   d - Gell's Gravitas                Translocation                3
   e - Teleport Other                 Translocation                3
   f - Passage of Golubria            Translocation                4
Comestibles
 b - 2 bread rations
 d - 6 meat rations
 f - 16 royal jellies
 z - 7 fruits
 K - 17 chunks of flesh


   Skills:
 + Level 10.0 Fighting
 - Level 1.5(9.4) Axes
 + Level 14.0 Polearms
 + Level 7.6 Dodging
 - Level 5.1 Stealth
 - Level 0.2 Unarmed Combat
 + Level 0.4 Evocations


You had 8 spell levels left.
You knew the following spells:

 Your Spells              Type           Power        Failure   Level  Hunger
a - Blink                 Tloc           N/A          41%         2    ###....


Dungeon Overview and Level Annotations

Branches:
Dungeon (12/15)            Temple (1/1) D:7            Lair (0/6) D:9
    Orc (0/2) D:9

Altars:
Ashenzari
Cheibriados
Dithmenos
Elyvilon
Fedhas
Gozag
Hepliaklqana
Kikubaaqudgha
Makhleb
Nemelex Xobeh
Okawaru
Qazlal
Ru
Sif Muna
Trog
Uskayaw
Vehumet
Wu Jian
Xom
Yredelemnul
Zin
The Shining One


Innate Abilities, Weirdness & Mutations

((You can breathe waves of freezing cold.))
((You can buffet flying creatures when you breathe cold.))
((Your icy white scales are hard. (AC +7)))
You cannot fit into any form of body armour.
((Your flesh is cold resistant. (rC+)))
((You are cold-blooded and may be slowed by cold attacks.))


Message History

The two-headed ogre hits you with a dire flail!
The manticore bites you.
* * * LOW HITPOINT WARNING * * *
The manticore completely misses you.
The manticore claws you but does no damage.
You barely miss the two-headed ogre.
The two-headed ogre is severely wounded.
The manticore bites you!!
* * * LOW HITPOINT WARNING * * *
The manticore closely misses you. x2
The two-headed ogre completely misses you.
The two-headed ogre misses you.
Okay, then.
You turn into a tree.
Your +0 cloak melds into your body.
Your +0 pair of gloves melds into your body.
Your +1 pair of boots melds into your body.
Your roots penetrate the ground.
The manticore bites you.
* * * LOW HITPOINT WARNING * * *
The manticore claws you.
You die...

#........#
#.<...>..#
#........#
#........#
###.#######
#...# #.###
###'########
#...♣O5....#
#....H.....#
+..........#
#..........#
#..<.>.....#
#####+######


You could see a two-headed ogre, a manticore and a shadow imp.

Vanquished Creatures
  A two-headed ogre (D:10)
  Pikel (D:8)
  3 ugly things
  2 ice statues (IceCv)
  Maurice (D:9)
  A gargoyle (D:11)
  A centaur zombie (D:11)
  The ghost of ArtsTyrian the Magician, a novice OpWn (D:4)
  A queen bee (D:8)
  4 hippogriffs
  7 yaks
  A shadow (D:11)
  A wyvern (D:10)
  Eustachio (D:4)
  An acid dragon (D:11)
  A water moccasin (D:10)
  3 porcupines (D:9)
  9 orc warriors
  A slave (D:8)
  A phantom (D:8)
  16 ice beasts
  5 black bears
  An eye of draining (D:10)
  5 ogres
  4 centaurs
  A crocodile (D:8)
  A big kobold (D:10)
  5 bullfrogs
  2 scorpions
  15 killer bees
  5 wights (D:11)
  An electric eel (D:10)
  A howler monkey (D:6)
  7 crimson imps
  3 bullfrog skeletons (D:5)
  5 hounds
  6 orc priests
  2 iguanas
  5 orc wizards
  Natasha (D:1)
  A centaur skeleton (D:6)
  7 worker ants
  2 hound zombies
  A hound skeleton (D:9)
  A worker ant zombie (D:11)
  19 adders
  9 gnolls
  A shadow imp (D:7)
  An ooze (D:3)
  An adder zombie (D:5)
  An adder skeleton (D:4)
  2 worms
  A dart slug (D:3)
  5 leopard geckos
  37 orcs
  4 giant cockroaches
  17 goblins
  16 hobgoblins
  6 jackals
  12 kobolds
  3 quokkas
  A ball python skeleton (D:4)
  11 bats
  8 frilled lizards
  A jackal zombie (D:8)
  A quokka skeleton (D:10)
  8 rats
310 creatures vanquished.

Vanquished Creatures (others)
  3 slaves (D:8)
  A bullfrog (D:8)
  A killer bee (D:8)
  8 fungi (D:9)
13 creatures vanquished.

Grand Total: 323 creatures vanquished

Notes
Turn   | Place    | Note
-------+----------+-------------------------------------------
     0 | D:1      | Manul the Draconian Monk began the quest for the Orb.
     0 | D:1      | Reached XP level 1. HP: 19/19 MP: 1/1
   142 | D:1      | Reached XP level 2. HP: 22/26 MP: 2/2
   787 | D:2      | Noticed Natasha
   870 | D:2      | Noticed a crimson imp
   973 | D:2      | Noticed a crimson imp
   991 | D:1      | Killed Natasha
   991 | D:1      | Reached XP level 3. HP: 23/33 MP: 3/3
  1282 | D:2      | Reached XP level 4. HP: 36/40 MP: 4/4
  1451 | D:2      | Found a stormy altar of Qazlal.
  1458 | D:2      | Found a bloodstained altar of Trog.
  1870 | D:3      | Reached skill level 1 in Axes
  1912 | D:3      | Reached XP level 5. HP: 46/46 MP: 5/5
  2791 | D:4      | Noticed ArtsTyrian's ghost (novice OpWn)
  2813 | D:4      | HP: 2/46 [ArtsTyrian's ghost (11)]
  2818 | D:4      | Killed ArtsTyrian's ghost
  2818 | D:4      | Reached skill level 4 in Polearms
  2818 | D:4      | Reached XP level 6. HP: 15/53 MP: 6/6
  3131 | D:4      | Reached skill level 5 in Polearms
  3238 | D:4      | Your scales start taking on an icy white colour.
  3238 | D:4      | Reached XP level 7. HP: 8/60 MP: 7/7
  3238 | D:4      | Gained mutation: Your flesh is cold resistant. (rC+) [White Draconian growth]
  3701 | D:4      | Learned a level 2 spell: Blink
  4230 | D:4      | Noticed Eustachio
  4251 | D:4      | Killed Eustachio
  4251 | D:4      | Reached skill level 5 in Fighting
  4542 | D:5      | Entered Level 5 of the Dungeon
  4590 | D:5      | Reached skill level 6 in Polearms
  5026 | D:5      | Reached XP level 8. HP: 48/68 MP: 8/8
  5145 | D:5      | Reached skill level 5 in Stealth
  5341 | D:5      | Reached skill level 7 in Polearms
  5463 | D:6      | Found a basalt altar of Yredelemnul.
  5528 | D:6      | Found a deep blue altar of Sif Muna.
  5528 | D:6      | Found an opulent altar of Gozag.
  6168 | D:7      | Found a glowing golden altar of the Shining One.
  6173 | D:7      | Reached skill level 8 in Polearms
  6405 | D:7      | Found a flagged portal.
  6414 | Bailey   | Entered a bailey
  6457 | Bailey   | Reached XP level 9. HP: 52/78 MP: 9/9
  6476 | Bailey   | Reached skill level 9 in Polearms
  7022 | Bailey   | Reached skill level 5 in Dodging
  7399 | Bailey   | Noticed an orc warlord
  7399 | Bailey   | Noticed an orc knight
  7432 | D:7      | Found a staircase to the Ecumenical Temple.
  7535 | Temple   | Entered the Ecumenical Temple
  8638 | D:8      | Reached skill level 10 in Polearms
  9037 | D:8      | Noticed Pikel
  9054 | D:8      | Killed Pikel
  9341 | D:8      | Reached XP level 10. HP: 80/86 MP: 10/10
  9556 | D:8      | Reached skill level 11 in Polearms
  9885 | D:8      | Found a snail-covered altar of Cheibriados.
 10403 | D:9      | Found a staircase to the Lair.
 11112 | D:9      | Found a staircase to the Orcish Mines.
 11174 | D:9      | Noticed Maurice
 11326 | D:9      | Killed Maurice
 11326 | D:9      | Reached skill level 12 in Polearms
 11558 | D:10     | Entered Level 10 of the Dungeon
 12415 | D:10     | Noticed a two-headed ogre
 12436 | D:10     | Killed a two-headed ogre
 12436 | D:10     | Reached XP level 11. HP: 97/97 MP: 11/11
 12471 | D:10     | Noticed a deep elf annihilator
 12747 | D:11     | Found a frozen archway.
 12834 | IceCv    | Entered an ice cave
 12834 | IceCv    | Noticed a white ugly thing
 12864 | IceCv    | Killed a white ugly thing
 12868 | IceCv    | Reached skill level 13 in Polearms
 13119 | IceCv    | Noticed a white ugly thing
 13145 | IceCv    | Killed a white ugly thing
 13726 | D:11     | Noticed a green ugly thing
 13744 | D:10     | Killed a green ugly thing
 14846 | D:11     | Reached skill level 10 in Fighting
 14856 | D:11     | Reached skill level 14 in Polearms
 14918 | D:12     | Noticed a two-headed ogre
 14928 | D:12     | HP: 6/148 [manticore (2)]
 14928 | D:12     | Slain by a manticore

Vault maps used:
D:1:      dpeg_arrival_brainrot, minmay_quantized
D:2:      amethyst_overflow_temple_binary, kennysheep_generic_room_10,
          uniq_natasha
D:3:      minivault_4, glass_columns_a, kennysheep_generic_room_14
D:4:      kb_forest_paths, first_bread, uniq_eustachio
D:6:      kennysheep_mini, chequers_temple_overflow_statue_of_worship,
          kennysheep_nondescript
D:7:      marbit_many_paths, temple_green, enter_bailey_2,
          kennysheep_generic_room_15
D:8:      black_bear_nest_1, slow_altar_2, david_nohive_1, uniq_pikel
D:9:      due_lair_maze_entry_diamond, orc_0_dummy, uniq_maurice
D:10:     kennysheep_island_fort
D:11:     portal_ice_cave_entry_ice_beasts, minivault_26, serial_bayou_pond_d
D:12:     serial_shops, kennysheep_little_box
Temple:   regret_index_temple_generic_petals
Bailey:   bailey_axe_minmay_hex_keep, bailey
IceCv:    ice_cave_statue_garden_teleport

Skill      XL: |  1  2  3  4  5  6  7  8  9 10 11 |
---------------+----------------------------------+-----
Dodging        | 3 4 5 7 |  7.6
Stealth        | 2 3 4 5 |  5.1
Axes           | 1 |  1.5
Fighting       | 4 5 6 7 9 10 | 10.0
Polearms       | 4 5 6 8 10 12 14 | 14.0
Unarmed Combat | |  0.2
Evocations     | |  0.4

Action                   |  1- 3 |  4- 6 |  7- 9 | 10-12 || total
-------------------------+-------+-------+-------+-------++-------
Melee: Spear             |   102 |       |       |       ||   102
       Tailslap          |    15 |    13 |    50 |    63 ||   141
       Unarmed           |    11 |       |       |       ||    11
       Hand axe          |    20 |    66 |       |       ||    86
       Halberd           |       |    44 |   334 |   525 ||   903
 Abil: Breathe Frost     |       |       |     1 |       ||     1
Evoke: Wand              |       |       |       |     2 ||     2
  Use: Potion            |       |     5 |     3 |     4 ||    12
       Scroll            |       |       |    18 |     3 ||    21
 Stab: Sleeping          |     6 |     8 |    19 |     8 ||    41
       Distracted        |     2 |       |     2 |     1 ||     5
       Invisible         |       |       |       |     8 ||     8
  Eat: Chunk             |     1 |     7 |    13 |     8 ||    29
       Bread ration      |       |       |     2 |     2 ||     4
Armor: Skin              |    19 |    35 |    87 |    98 ||   239
Dodge: Dodged            |    81 |    66 |   237 |   269 ||   653
